[Event "NOR-chT Eliteserien 2018-19"]
[Site "Norway"]
[Date "2019.01.12"]
[Round "5"]
[White "Lindbol, Aleksander"]
[Black "Moen, Ole Christian"]
[Result "1-0"]
[ECO "A26"]
[WhiteElo "2204"]
[BlackElo "2241"]
[Annotator "NA"]
[PlyCount "111"]
[EventDate "2018.11.02"]
[EventType "team-tourn"]
[EventCountry "NOR"]
[SourceTitle "playchess.com"]
[Source "ChessBase"]
[SourceQuality "1"]
[TimeControl "40/5400+30:1800+30"]

1. c4 e5 2. g3 g6 3. Bg2 Bg7 4. Nc3 d6 5. Nf3 Nc6 6. d3 f5 7. O-O Nf6 8. Rb1 a5 9. a3 O-O 10. b4 axb4 11. axb4 h6 12. Qc2 g5 13. b5 Ne7 14. Bb2 Be6 15. Ra1 Qd7 16. Rxa8 Rxa8 17. Ra1 Rxa1+ 18. Bxa1 c6 19. Qa4 Kh7 20. c5 g4 21. Nd2 dxc5 22. Nc4 Nfd5 23. bxc6 Nxc6 24. Bxd5 Bxd5 25. Nb6 Qd8 26. Ncxd5 Nb4 27. Nxb4 Qxb6 28. Qd7 cxb4 29. Bxe5 Qg6 30. Qxb7 h5 31. Kf1 Kh6 32. Qxg7+ Qxg7 33. Bxg7+ Kxg7 34. Ke1 Kf6 35. e3 Ke5 36. Kd2 Kd5 37. Kc2 Kc5 38. Kb2 Kb5 39. Kb3 Ka5 40. e4 fxe4 41. dxe4 Kb5 42. e5 Kc5 43. e6 Kd6 44. Kxb4 Kxe6 45. Kc4 Ke5 46. Kd3 Kd5 47. Ke3 Ke5 48. f4+ gxf3 49. Kxf3 Kf5 50. h3 Ke5 51. Ke3 Kf5 52. Kd4 Ke6 53. Ke4 Kf6 54. Kf4 Kg6 55. Ke5 Kg5 56. h4+ 1-0

[Event "NOR-chT Eliteserien 2018-19"]
[Site "Norway"]
[Date "2019.01.12"]
[Round "5"]
[White "Mihajlov, Svetoslav"]
[Black "Rygg, Andreas Gangstad"]
[Result "1-0"]
[ECO "A29"]
[WhiteElo "2147"]
[BlackElo "1869"]
[Annotator "NA"]
[PlyCount "115"]
[EventDate "2018.11.02"]
[EventType "team-tourn"]
[EventCountry "NOR"]
[SourceTitle "playchess.com"]
[Source "ChessBase"]
[SourceQuality "1"]
[TimeControl "40/5400+30:1800+30"]

1. c4 e5 2. Nc3 Nf6 3. g3 g6 4. Bg2 Bg7 5. Nf3 Nc6 6. d4 exd4 7. Nxd4 O-O 8. O-O Rb8 9. Nc2 d6 10. h3 Be6 11. Ne3 Qd7 12. Kh2 Rfe8 13. Bd2 a6 14. Rc1 Ne7 15. Ncd5 c6 16. Nxf6+ Bxf6 17. Bc3 Bxc3 18. Rxc3 Qc7 19. Qd2 Rbd8 20. Rd1 Qa5 21. a3 d5 22. Rd3 Qxd2 23. R3xd2 Nf5 24. Nxf5 Bxf5 25. e3 Rc8 26. cxd5 cxd5 27. Bxd5 Be4 28. Bxe4 Rxe4 29. Rd8+ Rxd8 30. Rxd8+ Kg7 31. Rd7 b5 32. Rd6 Rc4 33. Kg2 Rc2 34. b4 a5 35. bxa5 Rc3 36. Rb6 Rxa3 37. Rxb5 h5 38. g4 hxg4 39. hxg4 Ra4 40. f4 Ra3 41. Kf3 Ra4 42. g5 Kh7 43. Re5 Kg7 44. Ke2 f6 45. Re7+ Kf8 46. gxf6 Rxa5 47. Rg7 Rf5 48. Rxg6 Rh5 49. Rg7 Rh6 50. Kf3 Rxf6 51. Ra7 Rb6 52. f5 Rb4 53. e4 Rb5 54. Kf4 Rc5 55. e5 Rb5 56. e6 Rc5 57. Kg5 Rc6 58. Kg6 1-0

[Event "NOR-chT Eliteserien 2018-19"]
[Site "Norway"]
[Date "2019.01.12"]
[Round "5"]
[White "Lahlum, Hans Olav"]
[Black "Mikalsen, Harald"]
[Result "0-1"]
[ECO "E38"]
[WhiteElo "2122"]
[BlackElo "2006"]
[Annotator "NA"]
[PlyCount "118"]
[EventDate "2018.11.02"]
[EventType "team-tourn"]
[EventCountry "NOR"]
[SourceTitle "playchess.com"]
[Source "ChessBase"]
[SourceQuality "1"]
[TimeControl "40/5400+30:1800+30"]

1. d4 Nf6 2. c4 e6 3. Nc3 Bb4 4. Qc2 c5 5. dxc5 Qa5 6. Bd2 Nc6 7. e3 Qxc5 8. a3 Bxc3 9. Bxc3 a5 10. b3 b6 11. Nf3 Ba6 12. Qb2 Qe7 13. b4 Bc8 14. Rb1 O-O 15. Bd3 d6 16. O-O e5 17. Nd2 Ng4 18. Be4 axb4 19. axb4 Bb7 20. Ra1 Qc7 21. Bf3 Nh6 22. Rxa8 Rxa8 23. Rd1 Ne7 24. Bxb7 Qxb7 25. Nf3 Qc7 26. h3 f6 27. Qb3 Nf7 28. Nd2 Rc8 29. Bb2 g6 30. b5 Kg7 31. Ba3 Nf5 32. Rc1 Qb7 33. Qd3 Rd8 34. Qb3 Ng5 35. Qc3 Nh4 36. f3 Nf5 37. Kf2 h5 38. Nf1 Ne6 39. Nd2 Ng5 40. Nf1 h4 41. Nd2 d5 42. c5 d4 43. exd4 exd4 44. Qb4 Qe7 45. Re1 Qe3+ 46. Rxe3 dxe3+ 47. Ke1 exd2+ 48. Qxd2 Rxd2 49. Kxd2 bxc5 50. b6 Nd6 51. Bxc5 Nge4+ 52. fxe4 Nxe4+ 53. Ke3 Nxc5 54. Kd4 Nd7 55. b7 Kf7 56. Kd5 Ke7 57. Kc6 Ke6 58. Kc7 g5 59. Kc6 f5 0-1

[Event "NOR-chT Eliteserien 2018-19"]
[Site "Norway"]
[Date "2019.01.12"]
[Round "5"]
[White "Soderstrom, Adrian"]
[Black "Hammerstad, Asmund"]
[Result "0-1"]
[ECO "A21"]
[WhiteElo "2118"]
[BlackElo "2205"]
[Annotator "NA"]
[PlyCount "80"]
[EventDate "2018.11.02"]
[EventType "team-tourn"]
[EventCountry "NOR"]
[SourceTitle "playchess.com"]
[Source "ChessBase"]
[SourceQuality "1"]
[TimeControl "40/5400+30:1800+30"]

1. c4 f5 2. g3 Nf6 3. Bg2 e5 4. Nc3 Be7 5. e3 O-O 6. Nge2 d6 7. d3 c6 8. f4 Be6 9. b3 Nbd7 10. d4 e4 11. Bd2 a5 12. Rc1 Qb8 13. O-O g6 14. Qc2 Rc8 15. a3 b5 16. d5 cxd5 17. cxb5 Nc5 18. Nd4 Bd7 19. Rfd1 Ne6 20. Nxe6 Bxe6 21. Qb2 Nd7 22. Bf1 Bf6 23. Be1 Qa7 24. Qd2 d4 25. exd4 Bxb3 26. b6 Nxb6 27. Nb5 Qd7 28. Rxc8+ Rxc8 29. Rb1 a4 30. Qb4 d5 31. Bc3 Nc4 32. Rxb3 axb3 33. Qxb3 g5 34. Be1 Kh8 35. Kh1 gxf4 36. gxf4 e3 37. a4 Qe6 38. Bg2 Nd2 39. Qb2 Qc6 40. Bxd2 exd2 0-1

[Event "NOR-chT Eliteserien 2018-19"]
[Site "Norway"]
[Date "2019.01.12"]
[Round "5"]
[White "Machlik, Edit"]
[Black "Lie, Kjetil A."]
[Result "0-1"]
[ECO "A21"]
[WhiteElo "2112"]
[BlackElo "2539"]
[Annotator "ChessBase"]
[PlyCount "108"]
[EventDate "2018.11.02"]
[EventType "team-tourn"]
[EventCountry "NOR"]
[SourceTitle "playchess.com"]
[Source "ChessBase"]
[SourceQuality "1"]
[TimeControl "40/5400+30:1800+30"]

1. d4 d6 2. c4 e5 3. Nf3 e4 4. Ng5 f5 5. Nc3 Be7 6. Nh3 Nf6 7. g3 c6 8. d5 Nbd7 9. Bg2 Nb6 10. Qb3 Nfd7 11. O-O Ne5 12. f3 exf3 13. exf3 Nexc4 14. Re1 O-O 15. Bf1 Na5 16. Qb4 Nxd5 17. Nxd5 cxd5 18. Nf4 Nc6 19. Qb3 Kh8 20. Nxd5 Bf6 21. Nxf6 Qxf6 22. Bf4 Ne5 23. Rad1 Be6 24. Qe3 Bf7 25. b3 Rfe8 26. Bg2 Bh5 27. Qf2 Re6 28. Rxd6 Rxd6 29. Bxe5 Qg6 30. Bxd6 Qxd6 31. f4 Qb4 32. Qe3 h6 33. Rc1 Re8 34. Qc3 Qb6+ 35. Kh1 Qf2 36. a4 Re2 37. Rg1 Kh7 38. a5 Bg4 39. b4 b6 40. axb6 axb6 41. b5 Rb2 42. Qd3 Bh3 43. Qd5 Qc2 44. Qc6 Qe2 45. Qb7 Bxg2+ 46. Rxg2 Qxb5 47. Qf3 Rb3 48. Qb7 Rb1+ 49. Rg1 Rb2 50. Qf3 Qc4 51. g4 Qc2 52. Rg2 Qxg2+ 53. Qxg2 Rb1+ 54. Qg1 Rxg1+ 0-1

[Event "NOR-chT Eliteserien 2018-19"]
[Site "Norway"]
[Date "2019.01.13"]
[Round "6"]
[White "Kaasen, Tor Fredrik"]
[Black "Liabotro, Ola"]
[Result "1-0"]
[ECO "A37"]
[WhiteElo "2409"]
[BlackElo "2075"]
[Annotator "NA"]
[PlyCount "61"]
[EventDate "2018.11.02"]
[EventType "team-tourn"]
[EventCountry "NOR"]
[SourceTitle "playchess.com"]
[Source "ChessBase"]
[SourceQuality "1"]
[TimeControl "40/5400+30:1800+30"]

1. c4 c5 2. g3 g6 3. Bg2 Bg7 4. Nf3 Nc6 5. O-O e5 6. Nc3 Nge7 7. d3 O-O 8. Bd2 d6 9. Qc1 a6 10. a3 Rb8 11. Rb1 Bg4 12. Re1 b5 13. cxb5 axb5 14. b4 c4 15. dxc4 bxc4 16. Bh6 Bxf3 17. exf3 Nd4 18. Bxg7 Kxg7 19. f4 Nb3 20. Qb2 f6 21. Rbd1 Nf5 22. Nd5 Nfd4 23. fxe5 fxe5 24. f4 Nc5 25. Rxd4 Na4 26. Qf2 exd4 27. Qxd4+ Kf7 28. Qa7+ Kg8 29. Qxa4 Rf7 30. Qc2 Rc8 31. Bh3 1-0

[Event "NOR-chT Eliteserien 2018-19"]
[Site "Norway"]
[Date "2019.01.13"]
[Round "6"]
[White "Haug, Johannes"]
[Black "Royset, Pal"]
[Result "1-0"]
[ECO "D37"]
[WhiteElo "2402"]
[BlackElo "2165"]
[Annotator "NA"]
[PlyCount "121"]
[EventDate "2018.11.02"]
[EventType "team-tourn"]
[EventCountry "NOR"]
[SourceTitle "playchess.com"]
[Source "ChessBase"]
[SourceQuality "1"]
[TimeControl "40/5400+30:1800+30"]

1. d4 Nf6 2. c4 e6 3. Nf3 d5 4. Nc3 Be7 5. Bf4 O-O 6. e3 c5 7. dxc5 Bxc5 8. a3 Nc6 9. Qc2 Qa5 10. Rd1 Re8 11. Nd2 Bf8 12. Nb3 Qb6 13. Bg5 dxc4 14. Bxc4 Ng4 15. Be2 Nge5 16. O-O a6 17. e4 Na5 18. Nd2 Qc7 19. b4 Nac6 20. Be3 b5 21. f4 Nd7 22. e5 Bb7 23. Nde4 Rad8 24. Bd3 h6 25. Qf2 Ncb8 26. Rc1 Bc6 27. Bb1 Qb7 28. Qg3 Kh8 29. Ng5 Nb6 30. Nxf7+ Qxf7 31. Bxb6 Rd2 32. Ne4 Rb2 33. Rxc6 Nxc6 34. Qc3 Rxb1 35. Rxb1 Qb7 36. Bc5 Bxc5+ 37. Qxc5 Rb8 38. Rd1 Nd8 39. Qf8+ Kh7 40. Nc5 Nf7 41. Rd7 Qxg2+ 42. Kxg2 Rxf8 43. Nxe6 Re8 44. Nc7 Nxe5 45. Rxg7+ Kxg7 46. Nxe8+ Kf8 47. fxe5 Kxe8 48. Kf3 Kf7 49. Ke4 Ke6 50. h3 Ke7 51. Kf5 Kf7 52. e6+ Ke7 53. Ke5 h5 54. h4 Ke8 55. Kf6 Kf8 56. e7+ Ke8 57. Ke6 a5 58. bxa5 b4 59. a6 bxa3 60. a7 a2 61. a8=Q# 1-0

[Event "NOR-chT Eliteserien 2018-19"]
[Site "Norway"]
[Date "2019.01.13"]
[Round "6"]
[White "Tisdall, Jonathan D"]
[Black "Flermoen, Peter"]
[Result "1-0"]
[ECO "D90"]
[WhiteElo "2399"]
[BlackElo "2314"]
[Annotator "NA"]
[PlyCount "49"]
[EventDate "2018.11.02"]
[EventType "team-tourn"]
[EventCountry "NOR"]
[SourceTitle "playchess.com"]
[Source "ChessBase"]
[SourceQuality "1"]
[TimeControl "40/5400+30:1800+30"]

1. Nf3 Nf6 2. c4 g6 3. Nc3 d5 4. cxd5 Nxd5 5. Qb3 Nb6 6. d4 Bg7 7. Bg5 O-O 8. Rd1 h6 9. Bc1 a5 10. e4 a4 11. Qc2 c6 12. Be2 Be6 13. O-O Na6 14. Ne5 Nb4 15. Qb1 Kh7 16. f4 f5 17. g4 fxe4 18. Qxe4 Bxe5 19. dxe5 N6d5 20. f5 Qb6+ 21. Kh1 Nxc3 22. bxc3 Bd5 23. Rxd5 Nxd5 24. Bd3 Nxc3 25. Qf4 1-0

[Event "NOR-chT Eliteserien 2018-19"]
[Site "Norway"]
[Date "2019.01.13"]
[Round "6"]
[White "Nilsen, Joachim Birger"]
[Black "Mihajlov, Sebastian"]
[Result "1-0"]
[ECO "E97"]
[WhiteElo "2397"]
[BlackElo "2363"]
[Annotator "NA"]
[PlyCount "109"]
[EventDate "2018.11.02"]
[EventType "team-tourn"]
[EventCountry "NOR"]
[SourceTitle "playchess.com"]
[Source "ChessBase"]
[SourceQuality "1"]
[TimeControl "40/5400+30:1800+30"]

1. d4 Nf6 2. Nf3 g6 3. c4 Bg7 4. Nc3 O-O 5. e4 d6 6. Be2 e5 7. O-O Nc6 8. d5 Ne7 9. b4 a5 10. Ba3 axb4 11. Bxb4 b6 12. a4 Re8 13. Ne1 Bf8 14. Nd3 c5 15. Ba3 Bg7 16. Bc1 Rf8 17. Qb3 Nd7 18. Nb5 Nf6 19. f3 Ne8 20. Bd2 f5 21. Nf2 f4 22. a5 bxa5 23. Ra4 g5 24. Rfa1 Ng6 25. Rxa5 Rxa5 26. Rxa5 h5 27. Ra8 Qd7 28. Ba5 Qb7 29. Ra7 Qb8 30. Qa3 Rf7 31. Bd8 Bh6 32. Ra8 Qb7 33. Qa5 Kg7 34. Bd1 Bd7 35. Ra7 Qb8 36. Nc7 g4 37. Nxe8+ Bxe8 38. Rxf7+ Bxf7 39. fxg4 hxg4 40. Nxg4 Qb1 41. Qe1 Be8 42. Nxh6 Kxh6 43. Kf1 Kg7 44. h4 Nh8 45. Bf3 Qa2 46. h5 Qxc4+ 47. Kg1 Nf7 48. Be7 Qb4 49. Qh4 Kh7 50. Kh2 Nh6 51. Bxd6 Nf7 52. Be7 Qb6 53. d6 Nxd6 54. Qf6 Nc4 55. Qf5+ 1-0

[Event "NOR-chT Eliteserien 2018-19"]
[Site "Norway"]
[Date "2019.01.13"]
[Round "6"]
[White "Ogaard, Leif"]
[Black "Gabrielsen, Stig"]
[Result "1-0"]
[ECO "D93"]
[WhiteElo "2382"]
[BlackElo "2278"]
[Annotator "NA"]
[PlyCount "81"]
[EventDate "2018.11.02"]
[EventType "team-tourn"]
[EventCountry "NOR"]
[SourceTitle "playchess.com"]
[Source "ChessBase"]
[SourceQuality "1"]
[TimeControl "40/5400+30:1800+30"]

1. c4 Nf6 2. Nf3 g6 3. Nc3 Bg7 4. d4 d5 5. Bf4 O-O 6. e3 c5 7. dxc5 Qa5 8. Rc1 dxc4 9. Bxc4 Qxc5 10. Bb3 Qa5 11. O-O Nc6 12. h3 Qa6 13. Ne5 Nxe5 14. Bxe5 Be6 15. Bd4 Rfd8 16. Bxe6 Qxe6 17. Qf3 a6 18. Qxb7 Rab8 19. Qc7 Ne8 20. Qa5 Bxd4 21. exd4 Rxd4 22. Rfe1 Qd6 23. Ne4 Qf4 24. g3 Qf5 25. Qxf5 gxf5 26. Nc5 Rxb2 27. Rxe7 Nd6 28. Nb3 Ra4 29. Rd7 Nb5 30. Nc5 Raxa2 31. Ne6 h6 32. Rc8+ Kh7 33. Rxf7+ Kg6 34. Rcf8 Rxf2 35. Nf4+ Rxf4 36. gxf4 Nd4 37. Rf6+ Kh5 38. Rg8 a5 39. Kf1 a4 40. Rh8 Kh4 41. Rg6 1-0

[Event "NOR-chT Eliteserien 2018-19"]
[Site "Norway"]
[Date "2019.01.13"]
[Round "6"]
[White "Dahl, Trygve"]
[Black "Ranaldi, Lucas"]
[Result "0-1"]
[ECO "B13"]
[WhiteElo "2342"]
[BlackElo "2230"]
[Annotator "NA"]
[PlyCount "114"]
[EventDate "2018.11.02"]
[EventType "team-tourn"]
[EventCountry "NOR"]
[SourceTitle "playchess.com"]
[Source "ChessBase"]
[SourceQuality "1"]
[TimeControl "40/5400+30:1800+30"]

1. e4 c6 2. d4 d5 3. exd5 cxd5 4. Bd3 Nc6 5. c3 Nf6 6. h3 g6 7. Nf3 Bg7 8. Bf4 Bf5 9. Bxf5 gxf5 10. Ne5 O-O 11. Qe2 Nxe5 12. Bxe5 Ne4 13. Bxg7 Kxg7 14. O-O Qd6 15. Re1 e6 16. Nd2 Kh8 17. f3 Nxd2 18. Qxd2 Rg8 19. Qe3 Rg3 20. Kf1 Rag8 21. Re2 R8g7 22. Qe5 Qd8 23. Qf4 Qg8 24. Qe5 h6 25. Rd1 Kh7 26. Rdd2 Qd8 27. Qf4 a5 28. c4 Qc8 29. c5 Qc6 30. Qe3 Qb5 31. Qb3 Rxg2 32. Qe3 a4 33. a3 R7g3 34. h4 h5 35. Rc2 Kg6 36. Ke1 Rg1+ 37. Kd2 Kh7 38. Rf2 Qa5+ 39. Qc3 Qd8 40. Qb4 Qxh4 41. Qxa4 R3g2 42. Rxg2 Rxg2+ 43. Kd3 Qf4 44. Rxg2 Qxf3+ 45. Kc2 Qxg2+ 46. Kb3 h4 47. Qd7 Kg7 48. Qxb7 h3 49. c6 h2 50. c7 h1=Q 51. c8=Q Qd1+ 52. Ka2 Qe4 53. Qxf7+ Kxf7 54. Qd7+ Kg6 55. Qe8+ Kg5 56. Qe7+ Kg4 57. Qg7+ Kf3 0-1

[Event "NOR-chT Eliteserien 2018-19"]
[Site "Norway"]
[Date "2019.01.13"]
[Round "6"]
[White "Gullaksen, Eirik"]
[Black "Getz, Nicolai"]
[Result "0-1"]
[ECO "C78"]
[WhiteElo "2341"]
[BlackElo "2392"]
[Annotator "NA"]
[PlyCount "106"]
[EventDate "2018.11.02"]
[EventType "team-tourn"]
[EventCountry "NOR"]
[SourceTitle "playchess.com"]
[Source "ChessBase"]
[SourceQuality "1"]
[TimeControl "40/5400+30:1800+30"]

1. e4 e5 2. Nf3 Nc6 3. Bb5 a6 4. Ba4 Nf6 5. O-O b5 6. Bb3 Bb7 7. Re1 Bc5 8. d3 d6 9. a3 h6 10. Nc3 O-O 11. Nd5 Nxd5 12. Bxd5 Rb8 13. Be3 Bxe3 14. Rxe3 Ne7 15. Bxb7 Rxb7 16. d4 f6 17. b4 Qe8 18. Qd3 g5 19. c4 Kg7 20. Rc1 Qf7 21. c5 Ra7 22. Re2 Ng6 23. g3 f5 24. exf5 Qxf5 25. Qxf5 Rxf5 26. Kg2 g4 27. Nd2 exd4 28. Re4 dxc5 29. Rxc5 Rxc5 30. bxc5 Ra8 31. Rxd4 Ne5 32. f4 gxf3+ 33. Nxf3 Nc4 34. a4 Kf6 35. g4 Re8 36. Rf4+ Kg7 37. axb5 axb5 38. Nd4 Ne3+ 39. Kg3 b4 40. Nc6 b3 41. Rb4 Nf1+ 42. Kf2 Nxh2 43. Na5 b2 44. Kg3 Nf1+ 45. Kf4 Ra8 46. Rxb2 Rxa5 47. Rf2 Ra4+ 48. Ke5 Ne3 49. Ke6 Kg6 50. Kd7 Nxg4 51. Rg2 Rc4 52. c6 Kf5 53. Kxc7 Ne5 0-1

[Event "NOR-chT Eliteserien 2018-19"]
[Site "Norway"]
[Date "2019.01.13"]
[Round "6"]
[White "Klukin, Kirill"]
[Black "Aulin-Jansson, Joran"]
[Result "1/2-1/2"]
[ECO "D55"]
[WhiteElo "2326"]
[BlackElo "2258"]
[Annotator "NA"]
[PlyCount "175"]
[EventDate "2018.11.02"]
[EventType "team-tourn"]
[EventCountry "NOR"]
[SourceTitle "playchess.com"]
[Source "ChessBase"]
[SourceQuality "1"]
[TimeControl "40/5400+30:1800+30"]

1. Nf3 d5 2. d4 Nf6 3. c4 e6 4. Nc3 Be7 5. Bg5 h6 6. Bh4 O-O 7. e3 Nbd7 8. Qc2 b6 9. cxd5 exd5 10. Bd3 Bb7 11. O-O c5 12. Rfd1 Re8 13. dxc5 bxc5 14. Bb5 a6 15. Ba4 Rf8 16. Qf5 g6 17. Qh3 Nb6 18. Bc2 Bc8 19. Qg3 Nh5 20. Bxe7 Qxe7 21. Qe5 Qxe5 22. Nxe5 Nf6 23. a4 a5 24. f4 Kg7 25. Rac1 Ba6 26. Bd3 Bxd3 27. Rxd3 Rfd8 28. Rcd1 Rac8 29. Kf2 Re8 30. Kf3 g5 31. g3 Kf8 32. h4 gxf4 33. gxf4 Ke7 34. Ng4 Nxg4 35. Kxg4 Kf8 36. Nxd5 Nxa4 37. R1d2 c4 38. Ra3 Nc5 39. Nb6 Nb3 40. Rc2 Rc6 41. Nd7+ Kg7 42. Ne5 Rc5 43. Rxc4 h5+ 44. Kg3 Rb5 45. Rc7 Kg8 46. Kf2 Nc5 47. Ra1 Rxe5 48. fxe5 Nd3+ 49. Kf3 Nxe5+ 50. Ke4 Ng4 51. Rf1 Rb4+ 52. Kd3 Rxb2 53. Rf5 Rb3+ 54. Kd2 Rb2+ 55. Kc3 Rc2+ 56. Kxc2 Nxe3+ 57. Kd2 Nxf5 58. Rc4 Kg7 59. Ke2 Kg6 60. Kf2 Kf6 61. Ra4 Kg6 62. Kg2 f6 63. Kh3 Nd6 64. Rxa5 Nf5 65. Ra4 Ne3 66. Kg3 Nf5+ 67. Kf3 Ng7 68. Rb4 Nf5 69. Rf4 Ng7 70. Ke4 Ne8 71. Kd5 Ng7 72. Kd6 Nf5+ 73. Ke6 Ng7+ 74. Ke7 Nf5+ 75. Kf8 Nxh4 76. Rxh4 Kg5 77. Rh1 h4 78. Kf7 f5 79. Ke6 Kg4 80. Rg1+ Kf4 81. Rf1+ Kg4 82. Ke5 h3 83. Kd4 h2 84. Ke3 Kg3 85. Rf3+ Kg2 86. Rf2+ Kg1 87. Rxh2 Kxh2 88. Kf4 1/2-1/2

[Event "NOR-chT Eliteserien 2018-19"]
[Site "Norway"]
[Date "2019.01.13"]
[Round "6"]
[White "Storme, Isak"]
[Black "Lundeby, Oyvind Andersen"]
[Result "1/2-1/2"]
[ECO "B07"]
[WhiteElo "2271"]
[BlackElo "2152"]
[Annotator "NA"]
[PlyCount "102"]
[EventDate "2018.11.02"]
[EventType "team-tourn"]
[EventCountry "NOR"]
[SourceTitle "playchess.com"]
[Source "ChessBase"]
[SourceQuality "1"]
[TimeControl "40/5400+30:1800+30"]

1. e4 d6 2. d4 Nf6 3. Nc3 e5 4. dxe5 dxe5 5. Qxd8+ Kxd8 6. Bg5 Be6 7. f4 exf4 8. Nf3 h6 9. Bxf4 c6 10. Nd4 Nbd7 11. O-O-O Bb4 12. Ba6 Kc8 13. Nxe6 fxe6 14. Bc4 e5 15. Bg3 Kc7 16. Rhf1 Rhe8 17. Ne2 Nxe4 18. Rf7 Re7 19. Rxe7 Bxe7 20. Be6 Nef6 21. Nd4 Bc5 22. Nf5 g6 23. Nh4 g5 24. Nf5 h5 25. Bxd7 Nxd7 26. Ng7 Be3+ 27. Kb1 Rh8 28. Ne6+ Kc8 29. h4 gxh4 30. Bxh4 Rg8 31. g3 Nc5 32. Re1 Nxe6 33. Rxe3 Rf8 34. b3 Rf5 35. Kb2 Kc7 36. a4 Nd4 37. Re4 Ne6 38. g4 hxg4 39. Rxg4 Rf4 40. Rg6 Rxh4 41. Rxe6 Re4 42. Re7+ Kb6 43. Kc3 a5 44. Kd3 Rd4+ 45. Ke3 Rd1 46. Ke2 Rd5 47. c4 Rc5 48. Ke3 e4 49. Kxe4 Rh5 50. Kd4 Rh4+ 51. Kc3 Rh3+ 1/2-1/2

[Event "NOR-chT Eliteserien 2018-19"]
[Site "Norway"]
[Date "2019.01.13"]
[Round "6"]
[White "Nordquelle, Daniel"]
[Black "Machlik, Monika"]
[Result "1/2-1/2"]
[ECO "B12"]
[WhiteElo "2235"]
[BlackElo "2071"]
[Annotator "NA"]
[PlyCount "107"]
[EventDate "2018.11.02"]
[EventType "team-tourn"]
[EventCountry "NOR"]
[SourceTitle "playchess.com"]
[Source "ChessBase"]
[SourceQuality "1"]
[TimeControl "40/5400+30:1800+30"]

1. e4 c6 2. d4 d5 3. e5 Bf5 4. h4 h5 5. c4 e6 6. Nc3 Ne7 7. Nge2 dxc4 8. Ng3 b5 9. Bg5 Bg6 10. Nge4 Qb6 11. Nd6+ Kd7 12. Qf3 Nf5 13. Ncxb5 Bxd6 14. Nxd6 Nxd4 15. Qc3 Nc2+ 16. Kd1 Nxa1 17. Be3 Qc7 18. Qd2 Rd8 19. Bxc4 c5 20. Nxf7+ Ke8 21. Nxd8 Qxd8 22. Bb5+ Nd7 23. Qd6 Qe7 24. Qc6 Rb8 25. Bg5 Rxb5 26. Bxe7 Rb6 27. Qa8+ Rb8 28. Qxa7 Kxe7 29. Kc1 Nc2 30. Rh3 Nd4 31. Qa6 Nxe5 32. Rg3 Kf6 33. f4 Nec6 34. b3 Nb4 35. Qd6 Nbc6 36. Kb2 Rd8 37. Qxc5 Kf7 38. Qg5 Ne7 39. Qe5 Rd5 40. Qc7 Nb5 41. Qc4 Nf5 42. Rd3 Nfd6 43. Qxd5 exd5 44. Rxd5 Be4 45. Rxh5 Bxg2 46. a4 Nc7 47. b4 Nd5 48. b5 Bf3 49. Rg5 Nc4+ 50. Kb3 Na5+ 51. Ka3 Nc4+ 52. Kb3 Na5+ 53. Ka3 Nc4+ 54. Kb3 1/2-1/2

[Event "NOR-chT Eliteserien 2018-19"]
[Site "Norway"]
[Date "2019.01.13"]
[Round "6"]
[White "Hammerstad, Asmund"]
[Black "Nielsen, Andre"]
[Result "1/2-1/2"]
[ECO "E32"]
[WhiteElo "2205"]
[BlackElo "2211"]
[Annotator "NA"]
[PlyCount "64"]
[EventDate "2018.11.02"]
[EventType "team-tourn"]
[EventCountry "NOR"]
[SourceTitle "playchess.com"]
[Source "ChessBase"]
[SourceQuality "1"]
[TimeControl "40/5400+30:1800+30"]

1. d4 Nf6 2. c4 e6 3. Nc3 Bb4 4. Qc2 O-O 5. Nf3 d6 6. e4 e5 7. Bd3 Re8 8. d5 Na6 9. a3 Bxc3+ 10. Qxc3 Nc5 11. Nd2 a5 12. Bc2 a4 13. O-O Nh5 14. Qf3 Nf4 15. Nb1 Qg5 16. g3 Nh3+ 17. Kg2 Qg6 18. Nc3 Ng5 19. Bxg5 Qxg5 20. Qd1 Bd7 21. Kh1 Bh3 22. Rg1 h5 23. f3 Bd7 24. Qe2 Qh6 25. Qf2 Re7 26. Rae1 Rf8 27. Qe2 b6 28. Qd1 Ra8 29. Qe2 Rae8 30. Qd1 Ra8 31. Qe2 Rae8 32. Qd1 Ra8 1/2-1/2

[Event "NOR-chT Eliteserien 2018-19"]
[Site "Norway"]
[Date "2019.01.13"]
[Round "6"]
[White "Lindbol, Aleksander"]
[Black "Rygg, Andreas Gangstad"]
[Result "1/2-1/2"]
[ECO "A38"]
[WhiteElo "2204"]
[BlackElo "1869"]
[Annotator "NA"]
[PlyCount "117"]
[EventDate "2018.11.02"]
[EventType "team-tourn"]
[EventCountry "NOR"]
[SourceTitle "playchess.com"]
[Source "ChessBase"]
[SourceQuality "1"]
[TimeControl "40/5400+30:1800+30"]

1. c4 c5 2. Nc3 Nc6 3. g3 g6 4. Bg2 Bg7 5. Nf3 d6 6. O-O Bd7 7. Rb1 Nf6 8. d3 O-O 9. a3 e6 10. b4 b6 11. e4 Rc8 12. Nb5 Qe7 13. bxc5 dxc5 14. e5 Ne8 15. Re1 f6 16. exf6 Bxf6 17. Bd2 Nd6 18. Nc3 Nd4 19. Nd5 Nxf3+ 20. Qxf3 Qf7 21. Qxf6 Qxf6 22. Nxf6+ Rxf6 23. Bc3 Rf7 24. Re2 Rd8 25. g4 Bc8 26. a4 Nb7 27. Re3 Rfd7 28. Be4 Nd6 29. Bc6 Rc7 30. Bg2 Nb7 31. h4 Rf7 32. Be5 Rdf8 33. f4 Na5 34. h5 Bd7 35. Be4 Nc6 36. hxg6 hxg6 37. Bd6 Rd8 38. Bxg6 Rg7 39. Be4 Rxg4+ 40. Kf2 Be8 41. Bf3 Rg6 42. f5 exf5 43. Bf4 Bd7 44. Rh1 Re8 45. Bd5+ Kg7 46. Reh3 Kf6 47. Rh7 Re7 48. R1h6 Rxh7 49. Rxh7 Rg7 50. Rh6+ Rg6 51. Rh8 Nd4 52. Rf8+ Ke7 53. Ra8 Bxa4 54. Rxa7+ Bd7 55. Be5 Nc6 56. Bxc6 Rxc6 57. Rb7 Ke6 58. Bc7 Bc8 59. Rxb6 1/2-1/2

[Event "NOR-chT Eliteserien 2018-19"]
[Site "Norway"]
[Date "2019.01.13"]
[Round "6"]
[White "Frisvold, Ole Emil"]
[Black "Moen, Ole Christian"]
[Result "0-1"]
[ECO "D73"]
[WhiteElo "2131"]
[BlackElo "2241"]
[Annotator "NA"]
[PlyCount "104"]
[EventDate "2018.11.02"]
[EventType "team-tourn"]
[EventCountry "NOR"]
[SourceTitle "playchess.com"]
[Source "ChessBase"]
[SourceQuality "1"]
[TimeControl "40/5400+30:1800+30"]

1. d4 Nf6 2. Nf3 g6 3. c4 Bg7 4. Nc3 O-O 5. g3 c6 6. Bg2 d5 7. Ne5 Be6 8. Qb3 Qb6 9. c5 Qxb3 10. axb3 Nbd7 11. f4 Nxe5 12. fxe5 Nd7 13. O-O f6 14. exf6 Bxf6 15. e3 Bf5 16. Nxd5 cxd5 17. Bxd5+ e6 18. Bxb7 Rab8 19. Rxa7 Rf7 20. c6 Nb6 21. Bd2 Bh3 22. Rf2 Rbf8 23. Ra1 Nd5 24. Re1 Nc7 25. Bb4 Rd8 26. Ba5 Kg7 27. b4 Rd5 28. Bc8 Nb5 29. Bb6 Rd6 30. d5 Rxd5 31. e4 Bd4 32. Bxd4+ Rxd4 33. Rxf7+ Kxf7 34. Ba6 Rxb4 35. Bxb5 Rxb5 36. Rc1 e5 37. Rc2 Ke7 38. Rd2 Rc5 39. b4 Rxc6 40. Rd5 Rf6 41. Rd1 Rd6 42. Rb1 Rd2 43. b5 Kd7 44. b6 Kc8 45. Rb5 Rg2+ 46. Kh1 Rf2 47. Rb1 Kb7 48. Rg1 h5 49. g4 Bxg4 50. Rg3 Rf3 51. Rg1 Rb3 52. Rf1 Bf3+ 0-1

[Event "NOR-chT Eliteserien 2018-19"]
[Site "Norway"]
[Date "2019.01.13"]
[Round "6"]
[White "Soderstrom, Adrian"]
[Black "Vitenberg, Noam Aviv"]
[Result "0-1"]
[ECO "D38"]
[WhiteElo "2118"]
[BlackElo "2139"]
[Annotator "NA"]
[PlyCount "70"]
[EventDate "2018.11.02"]
[EventType "team-tourn"]
[EventCountry "NOR"]
[SourceTitle "playchess.com"]
[Source "ChessBase"]
[SourceQuality "1"]
[TimeControl "40/5400+30:1800+30"]

1. d4 Nf6 2. c4 e6 3. Nf3 d5 4. Nc3 Bb4 5. Qb3 c5 6. dxc5 Na6 7. a3 Bxc3+ 8. Qxc3 Nxc5 9. cxd5 Qxd5 10. Be3 Nce4 11. Qe5 Bd7 12. Rd1 Qb3 13. Ng5 Ba4 14. Qd4 Qxd1+ 15. Qxd1 Bxd1 16. Nxe4 O-O-O 17. Nxf6 gxf6 18. Bxa7 Ba4 19. f4 Rd1+ 20. Kf2 Rhd8 21. h4 Rb1 22. Bc5 Rdd1 23. Be7 Rxb2 24. Bxf6 Rb3 25. Be7 Bb5 26. g4 Rbb1 27. g5 Kd7 28. Bb4 Bc6 29. Rg1 Rd4 30. Kg3 Rb3+ 31. Kg4 Rd1 32. Ba5 Rbb1 33. Rg3 Rb5 34. Bc3 Rxf1 35. Rd3+ Rd5 0-1